Map: Black Site 2E

Players

Throwfordays - Winner!

  • Race: Protoss Protoss
  • League: Silver
  • Spawn Location: 12:00

Faust - Winner!

  • Race: Zerg Zerg
  • League: Diamond
  • Spawn Location: 9:00

Cthulhu - Winner!

  • Race: Terran Terran
  • Spawn Location: 11:00

Doomsaloto

  • Race: Terran Terran
  • Spawn Location: 5:00

Electroman

  • Race: Terran Terran
  • Spawn Location: 6:00

ToucanMan

  • Race: Protoss Protoss
  • Spawn Location: 3:00

VOD

Have the link to the VOD?

Description

Time

  • Played on: April 17, 2019, 10:21 p.m.
  • Length: 11:45
Show
View Real Time Build Order
Export as new Build Order

Throwfordays Protoss - Winner!

Build Orders: 1 Gate Expand 

Get SALT Encoding   

  1  0:00  Probe  
  12  0:05  Probe  
  14  0:30  Pylon  
  14  0:39  Probe  
  15  0:48  Gateway  
  15  1:06  Probe  
  16  1:15  Nexus  
  16  1:18  Probe  
  17  1:26  Assimilator  
  17  1:30  Probe  
  18  1:42  Cybernetics Core  
  18  1:48  Pylon  
  17  2:01  Probe  
  18  2:13  Gateway, Probe  
  19  2:24  Adept  
  19  2:25  Probe  
  19  2:26  Warp Gate  
  19  2:27  Probe  
  23  2:37  Probe  
  24  2:45  Probe  
  24  2:50  Assimilator  
  25  2:52  Probe  
  25  2:54  Probe  
  27  3:04  Probe  
  28  3:06  Probe  
  29  3:14  Adept  
  29  3:16  Probe  
  29  3:17  Gateway  
  32  3:20  Robotics Facility  
  32  3:21  Probe  
  32  3:26  Probe  
  33  3:30  Probe  
  35  3:34  Probe  
  35  3:38  Probe  
  36  3:44  Probe  
  36  3:45  Cybernetics Core  
  36  3:47  Probe  
  39  3:58  Probe  
  39  4:01  Immortal  
  40  4:05  Probe  
  40  4:08  Assimilator  
  41  4:10  Probe  
  46  4:35  Pylon  
  46  4:42  Pylon  
  46  4:53  Probe, Immortal  
  49  5:54  Stalker x3  
  53  6:00  Assimilator  
  53  6:01  Probe  
  54  6:04  Probe  
  54  6:08  Robotics Bay  
  55  6:11  Robotics Facility, Probe  
  55  6:12  Robotics Facility  
  55  6:16  Probe  
  55  6:17  Robotics Facility  
  57  6:19  Probe  
  57  6:25  Nexus  
  58  6:28  Pylon  
  58  6:29  Stalker, Probe  
  58  6:31  Assimilator  
  61  6:34  Assimilator  
  61  6:40  Pylon  
  61  6:44  Pylon  
  61  6:51  Probe  
  62  6:56  Pylon  
  62  6:58  Extended Thermal Lance  
  62  7:05  Probe  
  63  7:08  Probe  
  64  7:17  Probe  
  64  7:20  Colossus x3  
  64  7:21  Probe  
  84  7:25  Forge  
  84  7:26  Forge  
  84  7:29  Probe  
  85  7:33  Probe  
  86  7:37  Nexus  
  86  7:40  Assimilator  
  86  7:41  Colossus, Probe  
  86  7:43  Assimilator  
  86  7:44  Probe  
  93  7:45  Probe  
  95  7:52  Probe  
  95  7:53  Probe  
  95  7:54  Twilight Council  
  95  7:57  Probe  
  98  7:58  Protoss Ground Weapons Level 1, Protoss Ground Armor Level 1  
  98  8:02  Probe  
  99  8:20  Warp Prism  
  99  8:21  Immortal x2  
  99  8:26  Pylon  
  109  8:27  Pylon  
  109  8:29  Pylon  
  109  8:32  Pylon x2  
  109  8:35  Pylon  
  109  8:41  Pylon  
  109  8:45  Probe  
  110  8:51  Immortal  
  110  8:54  Stalker x3  
  120  9:00  Blink  
  120  9:04  Immortal x2  
  120  9:05  Immortal  
  120  9:08  Probe  
  120  9:09  Gateway  
  132  9:10  Gateway  
  132  9:11  Probe  
  132  9:12  Gateway  
  132  9:15  Probe  
  132  9:16  Gateway, Probe  
  134  9:19  Probe  
  134  9:23  Probe  
  137  9:26  Probe  
  137  9:29  Probe  
  140  9:33  Probe  
  140  9:38  Probe  
  142  9:41  Probe  
  142  9:45  Probe  
  144  9:50  Probe  
  145  9:53  Probe  
  145  9:57  Probe  
  147  10:04  Stalker x2  
  147  10:05  Stalker x2  
  147  10:06  Stalker  
  157  10:07  Stalker  
  157  10:31  Stalker x6  
  157  10:32  Stalker  
  135  11:29  Stalker x3  
  135  11:30  Stalker  
Show
View Real Time Build Order
Export as new Build Order

Faust Zerg - Winner!

Build Orders: Hatch First, Muta Ling Bane 

Get SALT Encoding   

  12  0:01  Drone  
  13  0:08  Drone  
  14  0:14  Extractor  
  14  0:15  Drone  
  15  0:23  Overlord  
  15  0:41  Drone x2  
  17  0:54  Hatchery  
  16  0:57  Drone  
  16  0:59  Extractor  
  16  1:02  Drone  
  17  1:17  Spawning Pool  
  16  1:20  Drone  
  16  1:24  Drone  
  18  1:29  Drone  
  19  1:37  Overlord  
  19  1:51  Drone  
  20  2:02  Drone  
  20  2:04  Queen, Metabolic Boost  
  23  2:08  Drone  
  23  2:10  Drone  
  25  2:18  Overlord  
  25  2:22  Zergling x2  
  26  2:28  Queen  
  28  2:40  Zergling x2  
  28  2:41  Zergling x4  
  30  2:51  Extractor  
  29  2:54  Zergling x4  
  29  2:56  Zergling x2  
  31  3:14  Drone  
  31  3:15  Drone x3  
  31  3:19  Lair  
  35  3:23  Drone  
  35  3:24  Drone  
  37  3:29  Baneling Nest  
  37  3:31  Drone  
  37  3:41  Overlord  
  37  4:01  Zergling x2, Drone x2  
  37  4:02  Drone x6  
  44  4:14  Zergling x4  
  43  4:18  Extractor  
  43  4:20  Spire  
  43  4:21  Extractor, Drone x2  
  41  4:27  Drone x2  
  41  4:30  Overlord  
  43  4:41  Drone  
  43  4:43  Drone x2  
  46  4:49  Drone  
  46  4:51  Drone x4  
  46  4:52  Drone  
  52  4:53  Drone  
  52  4:56  Overlord  
  53  5:05  Spore Crawler x2  
  51  5:22  Drone  
  51  5:27  Hatchery, Drone  
  51  5:28  Drone x6  
  58  5:31  Drone  
  59  5:36  Overlord  
  59  5:44  Burrow  
  59  5:46  Centrifical Hooks  
  59  5:50  Drone x2  
  59  5:51  Evolution Chamber  
  59  5:52  Evolution Chamber  
  59  5:55  Drone  
  59  5:56  Drone x2  
  62  5:58  Drone  
  62  5:59  Drone  
  62  6:01  Drone  
  62  6:03  Drone  
  66  6:08  Overlord  
  66  6:31  Zerg Melee Weapons Level 1, Zerg Ground Armor Level 1  
  66  6:32  Mutalisk x3  
  66  6:33  Mutalisk x2  
  66  6:35  Mutalisk  
  66  6:39  Extractor  
  77  6:42  Extractor, Drone x3  
  77  6:43  Drone  
  77  6:45  Drone  
  77  6:46  Drone  
  82  6:48  Overlord  
  82  6:53  Zerg Flyer Weapons Level 1  
  80  6:58  Queen, Infestation Pit  
  80  7:00  Spore Crawler, Drone  
  80  7:01  Drone  
  81  7:07  Pneumatized Carapace  
  81  7:26  Hatchery  
  80  7:31  Spore Crawler  
  80  7:33  Queen  
  81  7:44  Mutalisk x6  
  91  7:55  Mutalisk x3  
  97  8:09  Overlord  
  97  8:24  Hive  
  97  8:25  Zerg Melee Weapons Level 2  
  97  8:26  Zerg Ground Armor Level 2  
  96  8:43  Drone x11  
  96  8:44  Zergling x2  
  108  8:55  Hydralisk Den  
  107  9:05  Spore Crawler  
  107  9:09  Zergling x2  
  111  9:10  Zergling x8  
  111  9:12  Spore Crawler  
  111  9:14  Overlord x4  
  110  9:22  Queen  
  110  9:23  Spire  
  105  9:41  Mutalisk x3  
  105  9:42  Zergling x4  
  113  9:48  Overlord x4  
  113  9:49  Zergling x4  
  113  9:59  Hatchery  
  112  10:03  Extractor x2, Drone x3  
  103  10:25  Mutalisk  
  103  10:26  Mutalisk x13  
  125  10:41  Zergling x2  
  125  10:42  Zergling x8  
  108  10:55  Ultralisk Cavern  
  105  11:20  Hatchery  
  105  11:21  Extractor  
  105  11:24  Extractor  
Show
View Real Time Build Order
Export as new Build Order

Cthulhu Terran - Winner!

Build Orders:  

Get SALT Encoding   

  12  0:01  SCV  
  13  0:13  SCV  
  14  0:23  Supply Depot  
  14  0:25  SCV  
  15  0:45  SCV  
  15  0:46  Barracks  
  16  0:50  Supply Depot  
  16  0:57  SCV  
  16  1:00  Refinery  
  17  1:10  SCV  
  18  1:19  Engineering Bay  
  18  1:32  Orbital Command  
  18  1:37  Refinery  
  18  2:01  Supply Depot  
  18  2:15  Command Center  
  18  2:17  SCV  
  19  2:23  Marine  
  20  2:31  SCV  
  21  2:38  Supply Depot  
  21  2:40  Terran Infantry Weapons Level 1  
  21  2:43  Marine  
  22  2:52  SCV  
  23  3:11  SCV  
  24  3:22  Command Center  
  24  3:26  SCV  
  24  4:02  SCV, Orbital Command  
  25  4:03  Marine  
  26  4:15  SCV  
  27  4:25  Marine, Factory  
  27  4:27  SCV  
  27  4:30  SCV  
  30  4:37  Orbital Command  
  30  4:38  Refinery  
  30  4:40  Refinery  
  30  4:43  Refinery  
  30  4:45  Refinery  
  30  4:49  Barracks Tech Lab  
  30  5:17  Starport  
  30  5:19  Starport  
  30  5:20  Starport  
  30  5:25  Starport  
  30  5:33  Barracks Tech Lab  
  30  5:44  Factory Tech Lab  
  30  5:48  SCV, Armory  
  30  5:49  SCV  
  32  5:50  SCV  
  33  6:04  Starport Reactor  
  33  6:05  Viking  
  33  6:06  Viking  
  33  6:10  Starport Tech Lab  
  37  6:13  Fusion Core  
  37  6:20  Armory  
  37  6:21  SCV  
  37  6:22  SCV x2  
  40  6:33  SCV  
  41  6:58  SCV  
  41  7:00  Viking x2  
  46  7:02  Battlecruiser  
  46  7:03  Battlecruiser  
  46  7:04  Weapon Refit  
Show
View Real Time Build Order
Export as new Build Order

Doomsaloto Terran 

Build Orders: Mech 

Get SALT Encoding   

  12  0:01  SCV  
  13  0:18  SCV, Supply Depot  
  14  0:31  Refinery  
  14  0:42  Barracks  
  14  0:45  SCV  
  16  0:57  SCV  
  16  0:58  Supply Depot  
  16  1:09  SCV  
  17  1:17  Barracks  
  17  1:26  SCV  
  18  1:38  SCV, Bunker  
  19  1:40  Marine  
  20  1:50  SCV  
  21  1:59  Factory  
  21  2:17  Barracks Tech Lab  
  21  2:31  Command Center  
  21  2:34  Marine  
  22  2:37  Marine  
  22  2:40  SCV  
  22  2:43  Factory Tech Lab  
  24  2:49  Refinery  
  24  2:52  SCV  
  25  3:04  SCV  
  26  3:06  Marine  
  26  3:09  Siege Tank  
  30  3:22  Supply Depot  
  30  3:26  Supply Depot  
  30  3:27  SCV  
  31  3:42  Factory  
  31  4:16  Marine  
  31  4:17  Marine  
  28  4:19  Hellion  
  28  4:21  SCV  
  30  4:35  Marine x2  
  30  4:37  Factory Tech Lab  
  32  4:40  Factory  
  32  4:44  Starport  
  32  4:46  SCV  
  32  4:50  Siege Tank  
  36  4:58  SCV  
  36  4:59  Factory  
  37  5:06  Armory  
  37  5:24  SCV  
  38  5:34  Hellion x2  
  38  5:35  Factory Tech Lab  
  42  5:36  SCV  
  42  5:38  Starport Reactor  
  42  5:39  Starport Tech Lab  
  42  5:45  Refinery  
  42  5:48  SCV  
  43  6:00  SCV, Siege Tank  
  43  6:02  Hellion, Factory Tech Lab  
  49  6:12  Refinery, SCV  
  50  6:22  Terran Vehicle Weapons Level 1  
  50  6:24  SCV  
  51  6:30  Siege Tank  
  51  6:32  Hellion  
  56  6:36  SCV, Hellion  
  59  6:41  Hellion  
  61  6:49  SCV  
  62  7:15  Command Center  
  62  7:22  Supply Depot  
  62  7:24  Supply Depot  
  62  7:25  Supply Depot  
  62  7:43  SCV, Siege Tank  
  62  7:44  Hellion x2  
  70  7:55  SCV  
  71  8:08  SCV  
  71  8:12  Cyclone x3  
  81  8:21  Supply Depot x2  
  81  8:24  Supply Depot  
  81  8:29  Supply Depot  
  81  8:35  Thor  
  81  8:37  SCV  
  88  8:44  SCV  
  89  8:49  SCV  
  90  9:04  Hellion  
  90  9:05  Hellion x2  
  96  9:13  SCV  
  96  9:15  SCV  
  98  9:18  Thor  
  104  9:25  Terran Vehicle Weapons Level 2, SCV  
  104  9:27  SCV  
  106  9:34  Cyclone  
  106  9:36  Cyclone  
  112  9:39  SCV  
  113  9:52  SCV  
  114  10:02  Thor x2  
  114  10:04  SCV  
  127  10:12  Supply Depot  
  127  10:15  Supply Depot  
  90  10:48  Thor x2  
  90  10:49  Thor  
  96  10:51  Thor  
Show
View Real Time Build Order
Export as new Build Order

Electroman Terran 

Build Orders: 2 Factory, Gas First Reaper Expand 

Get SALT Encoding   

  12  0:02  SCV  
  14  0:14  SCV  
  14  0:23  Supply Depot  
  14  0:26  SCV  
  15  0:31  Refinery  
  15  0:46  SCV, Barracks  
  16  0:58  SCV  
  17  1:11  SCV  
  18  1:13  Supply Depot  
  18  1:23  SCV  
  19  1:33  Reaper  
  19  1:36  Orbital Command  
  20  1:43  Refinery  
  20  2:06  Command Center  
  20  2:21  SCV, Barracks Tech Lab  
  21  2:33  SCV  
  22  2:37  Barracks  
  22  2:45  SCV  
  23  2:57  SCV  
  24  3:09  SCV  
  24  3:19  Factory  
  24  3:21  SCV, Factory  
  24  3:24  SCV  
  26  3:33  Stimpack  
  26  3:34  Barracks Reactor, SCV  
  27  3:36  SCV  
  27  3:38  Marine  
  29  3:58  Marine  
  29  4:01  SCV x2  
  32  4:07  Barracks  
  32  4:10  Marine  
  32  4:11  Marine  
  32  4:13  SCV x2  
  32  4:16  Marine  
  37  4:26  Barracks  
  37  4:28  Marine x2  
  39  4:34  Marine  
  39  4:35  SCV  
  39  4:36  SCV  
  42  4:39  Factory Tech Lab  
  42  4:40  Factory Tech Lab  
  42  4:46  Marine x2  
  42  4:48  SCV x2  
  46  4:58  Barracks Reactor  
  46  5:00  Supply Depot  
  46  5:03  Supply Depot  
  46  5:08  Supply Depot  
  46  5:19  Barracks Reactor  
  46  5:21  Marine x3  
  46  5:22  SCV x2  
  46  5:26  Supply Depot  
  51  5:33  Siege Tank  
  51  5:34  SCV x2, Siege Tank  
  51  5:35  Marine x2  
  61  5:51  SCV x2  
  61  5:53  Marine x2  
  61  5:55  Refinery  
  65  5:57  Refinery  
  65  6:10  Widow Mine x2  
  69  6:11  Command Center  
  69  6:19  Combat Shield  
  69  6:25  Orbital Command  
  69  6:26  SCV  
  69  6:31  Widow Mine x2  
  74  6:38  SCV  
  75  6:42  Marine x3  
  78  6:49  Marine x4  
  82  7:00  Marine x3  
  85  7:03  Siege Tank  
  85  7:04  Siege Tank  
  85  7:06  Marine x3  
  94  7:15  Supply Depot x2  
  94  7:22  Marine  
  94  7:28  Starport  
  95  7:36  Siege Tank  
  101  7:39  Supply Depot  
  101  7:40  Supply Depot  
  101  7:41  Siege Tank  
  95  7:45  SCV x3  
  96  7:57  SCV x3  
  99  8:01  Engineering Bay  
  99  8:03  Engineering Bay  
  99  8:08  Armory  
  99  8:20  Engineering Bay  
  99  8:28  SCV x3  
  99  8:32  Refinery x2  
  102  8:34  Starport Reactor  
  102  8:36  Marine  
  102  8:37  Marine x4  
  102  8:40  SCV x3  
  110  8:59  Terran Vehicle Weapons Level 1  
  110  9:00  Thor  
  110  9:01  Thor  
  122  9:03  Terran Infantry Weapons Level 1  
  122  9:06  Terran Infantry Armor Level 1  
  122  9:12  Medivac x2  
  126  9:19  SCV  
  126  9:20  SCV x2  
  122  9:31  SCV  
  122  9:32  SCV x2  
  105  9:53  Widow Mine x2  
  109  10:01  Factory  
  109  10:02  Factory  
  109  10:03  Armory  
  109  10:04  Missile Turret  
  109  10:05  Missile Turret  
  109  10:10  Missile Turret  
  109  10:11  Missile Turret x2  
  109  10:12  SCV  
  109  10:13  SCV x2  
  112  10:14  Widow Mine x2  
  116  10:24  SCV  
  116  10:25  SCV x2  
  119  10:34  Medivac x2  
  123  10:36  SCV  
  123  10:37  SCV x2  
  123  10:38  Marine  
  123  10:39  Marine x6  
Show
View Real Time Build Order
Export as new Build Order

ToucanMan Protoss 

Build Orders:  

Get SALT Encoding   

  1  0:00  Probe  
  13  0:15  Assimilator  
  13  0:16  Probe  
  14  0:31  Pylon  
  14  0:38  Probe  
  15  0:53  Gateway  
  15  1:03  Probe  
  16  1:13  Assimilator  
  16  1:49  Probe  
  17  2:02  Gateway  
  17  2:04  Zealot  
  19  2:10  Cybernetics Core  
  19  2:20  Pylon  
  19  2:26  Probe  
  19  2:34  Probe  
  21  2:45  Pylon  
  21  3:00  Twilight Council  
  23  3:09  Probe  
  21  3:13  Stargate  
  21  3:19  Nexus  
  22  3:37  Stargate  
  22  3:50  Warp Gate  
  20  4:17  Probe  
  21  4:25  Probe  
  22  4:34  Pylon, Zealot  
  22  4:37  Probe  
  25  4:45  Probe  
  26  4:55  Probe  
  27  5:04  Void Ray  
  29  5:07  Probe  
  29  5:30  Void Ray  
  30  5:51  Protoss Air Weapons Level 1  
  30  6:23  Probe  
  30  6:26  Probe  
  32  6:34  Probe  
  33  6:53  Void Ray  
  35  6:59  Probe  
  35  7:05  Probe  
  35  7:07  Probe  
  38  7:17  Probe  
  39  7:25  Probe  
  39  7:27  Nexus  
  40  7:32  Void Ray  
  44  7:37  Assimilator  
  44  7:47  Probe  
  44  7:55  Probe  
  46  8:08  Probe  
  47  8:16  Void Ray  
  47  8:19  Probe  
  52  8:35  Pylon  
  52  8:38  Probe  
  52  8:42  Pylon  
  52  8:46  Probe  
  54  8:55  Void Ray  
  54  8:56  Probe  
  59  9:08  Probe  
  64  9:20  Probe  
  61  9:38  Void Ray, Phoenix  
  61  9:45  Probe  
  67  9:49  Assimilator  
  68  9:53  Probe  
  69  10:03  Phoenix  
  63  10:28  Phoenix  
  57  10:53  Void Ray x2  
  65  11:06  Probe  
  66  11:14  Probe  
  67  11:24  Probe  
Tags
 
Add a new tag
Caveats
  • Supply blocks, unpowered buildings, or Contaminate may cause inaccurate times.
  • Supply counts are checked every 10 seconds.